 Dungeon Crawl Stone Soup version 0.28-a0-199-g298df9dbad (webtiles) character file.

Game seed: 6077198800566841873

45 bande the Shield-Bearer (level 3, -2/24 HPs)
             Began as a Gargoyle Fighter on Aug 20, 2021.
             Slain by a black bear (4 damage)
             ... on level 1 of the Dungeon.
             The game lasted 00:03:53 (1821 turns).

bande the Shield-Bearer (Gargoyle Fighter)          Turns: 1821, Time: 00:03:54

Health: -2/24      AC: 11    Str: 19    XL:     3   Next: 64%
Magic:  3/3        EV:  7    Int:  8    God:
Gold:   46         SH:  8    Dex: 10    Spells: 2/2 levels left

rFire   . . .      SeeInvis .   a - +0 war axe
rCold   . . .      Faith    .   c - +0 kite shield
rNeg    + . .      Spirit   .   b - +0 scale mail
rPois   ∞          Reflect  .   f - +0 helmet
rElec   +          Harm     .   (no cloak)
rCorr   .          Rampage  .   (no gloves)
Will    .....                   (no boots)
Stlth   ..........              (no amulet)
HPRegen 0.08/turn               (no ring)
MPRegen 0.08/turn               (no ring)

@: no status effects
A: sickness immunity, AC +3, negative energy resistance 1, electricity
resistance, torment resistance 1, petrification resistance
a: no special abilities


You were on level 1 of the Dungeon.
You visited 1 branch of the dungeon, and saw 2 of its levels.

You collected 46 gold pieces.

Inventory:

Hand Weapons
 a - a +0 war axe (weapon)
Armour
 b - a +0 scale mail (worn)
 c - a +0 kite shield (worn)
 f - a +0 helmet (worn)
Scrolls
 e - a scroll of magic mapping {unknown}
 g - 3 scrolls of identify {unknown}
Potions
 d - a potion of might


   Skills:
 + Level 3.7 Fighting
 + Level 2.3 Axes
 + Level 3.6 Armour
 + Level 0.4 Dodging
 + Level 3.8 Shields


You had 2 spell levels left.
You didn't know any spells.
Your spell library was empty.

Dungeon Overview and Level Annotations

Branches:
Dungeon (2/15)

Altars:
Xom

Annotations:
D:2 Robin


Innate Abilities, Weirdness & Mutations

You are immune to sickness and miasma.
Your stone body is resilient. (AC +3)
You are immune to poison.
You resist negative energy. (rN+)
You are resistant to electric shocks. (rElec)
You are resistant to unholy torment.
You are immune to petrification.


Message History

You block the black bear's attack. The black bear bites you.
The black bear claws you but does no damage. x2
You hit the black bear.
The black bear is heavily wounded.
You block the black bear's attack.
The black bear claws you but does no damage. x2
The black bear bites you but does no damage.
The black bear claws you but does no damage.
The black bear claws you.
You hit the black bear.
The black bear is severely wounded.
The black bear bites you but does no damage.
The black bear claws you but does no damage.
You block the black bear's attack.
Your shield prevents you from hitting the black bear.
The black bear is severely wounded.
You block the black bear's attack. x2
The black bear claws you but does no damage.
The black bear bites you. You block the black bear's attack.
The black bear claws you but does no damage.
You hit the black bear.
The black bear is almost dead.
The black bear goes berserk!
You block the black bear's attack.
The black bear claws you but does no damage. x2
Unknown command.
You barely miss the black bear.
The black bear is almost dead.
The black bear bites you but does no damage.
You block the black bear's attack.
The black bear claws you but does no damage.
You block the black bear's attack.
The black bear claws you but does no damage.
The black bear closely misses you.
You hit the black bear.
The black bear is almost dead.
The black bear bites you!
* * * LOW HITPOINT WARNING * * *
The black bear claws you but does no damage.
The black bear barely misses you. The black bear bites you.
You die...

#..# #...#.##.#.#.
###..####.#.#.##.#... #########
##.........#.#........
........####.....#...........####
#######.#........#.#######.####..
......#.#................#......#
........#................##.....#
#####.#######'##)).......##.....#
...............h@).......++.....†
#####'#######.##.........##......
#......................##......
#......................##.....#
#...........#.#........##.....#
#.............##..#....##.....#
#.............##..'....+......#
#................##....#####...
#........#..#.#####....# #....


You could see a black bear (berserk).

Vanquished Creatures
  A dart slug (D:2)
  3 endoplasms
  A giant cockroach (D:1)
  8 goblins
  2 hobgoblins (D:1)
  9 jackals
  3 ball pythons
  6 bats
  4 frilled lizards (D:1)
  2 kobolds
  A rat (D:2)
40 creatures vanquished.

Notes
Turn   | Place    | Note
-------+----------+-------------------------------------------
     0 | D:1      | bande the Gargoyle Fighter began the quest for the Orb.
     0 | D:1      | Reached XP level 1. HP: 14/14 MP: 1/1
   332 | D:1      | Reached XP level 2. HP: 19/19 MP: 2/2
   946 | D:1      | Reached XP level 3. HP: 13/23 MP: 3/3
  1189 | D:2      | Found a shimmering altar of Xom.
  1441 | D:2      | Noticed a black bear
  1443 | D:2      | Noticed Robin
  1821 | D:1      | Slain by a black bear

Illustrated notes

Levels and vault maps discovered:
D:1:      dpeg_arrival_boxorama, layout_basic
D:2:      minmay_skewed_foursquare, layout_rooms, basic_altar,
          uniq_crazy_yiuf_cottage, uniq_robin

Skill      XL: |  1  2 |
---------------+-------+-----
Axes           | 2 |  2.3
Fighting       | |  3.7
Armour         | |  3.6
Dodging        | |  0.4
Shields        | |  3.8

Action                   || total
-------------------------++-------
Melee: War axe           ||   132
Armor: Scale mail        ||   178
Dodge: Dodged            ||    89
Block: Kite shield       ||   130

Table legend: (Time is in decaauts)
 A = Elapsed time spent in this place.
 B = Non-inter-level travel time spent in this place.
 C = Inter-level travel time spent in this place.
 D = Time resting spent in this place.
 E = Time spent auto-exploring this place.
 F = Levels seen in this place.
 G = Mean time per level.
                   A        B        C        D        E       F      G
               +--------+--------+--------+--------+--------+-----+--------+
         Total |   1911 |   1911 |      0 |    593 |    849 |   2 |  955.5 |
       Dungeon |   1911 |   1911 |      0 |    593 |    849 |   2 |  955.5 |
               +--------+--------+--------+--------+--------+-----+--------+

Top non-repeatable levels by time:
     D:1: 1534 daAuts
     D:2: 376 daAuts
